 Dungeon Crawl Stone Soup version 0.29.0-11-gd7f09526c8 (webtiles) character file.

Game seed: 15595156796510617116

69 blackman the Insei (level 3, 0/29 HPs)
             Began as a Demigod Warper on Sept 7, 2022.
             Slain by Terence
             ... wielding a +0 trident
              (8 damage)
             ... on level 3 of the Dungeon.
             The game lasted 00:06:47 (3707 turns).

blackman the Insei (Demigod Warper)                 Turns: 3707, Time: 00:06:48

Health: 0/29       AC:  4    Str: 15    XL:     3   Next: 75%
Magic:  8/8        EV: 12    Int: 19    God:
Gold:   79         SH:  0    Dex: 16    Spells: 3/5 levels left

rFire   . . .      SeeInvis .     - Unarmed
rCold   + . .      Faith    .   (no shield)
rNeg    + + .      Spirit   .   m - +1 robe "Nuikkec" {rC+ rN+}
rPois   .          Reflect  .   d - +0 helmet
rElec   .          Harm     .   (no cloak)
rCorr   .          Rampage  .   (no gloves)
Will    .....                   (no boots)
Stlth   +.........              n - amulet "Cosobbat" {RegenMP rN+ Str+3 Dex+3}
HPRegen 0.09/turn               b - ring of wizardry
MPRegen 0.51/turn               (no ring)

@: no status effects
A: high MP 1, forlorn, divine attributes
a: no special abilities


You were on level 3 of the Dungeon.
You visited 1 branch of the dungeon, and saw 4 of its levels.

You collected 134 gold pieces.
You spent 55 gold pieces at shops.

Inventory:

Missiles
 c - 4 boomerangs of dispersal (quivered)
 e - 6 datura-tipped darts
Armour
 d - a +0 helmet (worn)
 m - the +1 robe "Nuikkec" (worn) {rC+ rN+}
   (You found it on level 3 of the Dungeon)

   rC:        It protects you from cold.
   rN:        It protects you from negative energy.
Jewellery
 b - a ring of wizardry (left hand)
 n - the amulet "Cosobbat" (around neck) {RegenMP rN+ Str+3 Dex+3}
   (You found it on level 3 of the Dungeon)

   [amulet of magic regeneration]

   It increases your rate of magic regeneration.
   Str:       It affects your strength (+3).
   Dex:       It affects your dexterity (+3).
   rN:        It protects you from negative energy.
Scrolls
 f - a scroll of teleportation {unknown}
 g - 3 scrolls of enchant weapon {unknown}
 j - 3 scrolls of identify {unknown}
 k - a scroll of poison {unknown}
 l - a scroll of fear {unknown}
Potions
 a - a potion of heal wounds
 h - a potion of attraction
 i - 2 potions of might
 o - 2 potions of curing


   Skills:
 - Level 1.7 Fighting
 - Level 0.8 Throwing
 - Level 0.8 Armour
 - Level 1.7 Dodging
 + Level 4.0 Unarmed Combat
 - Level 1.7 Spellcasting
 - Level 2.6 Translocations


You had 3 spell levels left.
You knew the following spells:

 Your Spells              Type           Power      Damage    Failure   Level
a - Blink                 Tloc           22%        N/A       3%          2

Your spell library contained the following spells:

 Spells                   Type           Power      Damage    Failure   Level
 Gell's Gravitas          Tloc           11%        N/A       7%          3
 Lesser Beckoning         Tloc           11%        N/A       7%          3
 Teleport Other           Tloc           11%        N/A       7%          3
 Frozen Ramparts          Ice            2%         1d1       21%         3
 Ice Form                 Ice/Tmut       1%         N/A       52%         4
 Summon Ice Beast         Ice/Summ       1%         N/A       52%         4
 Manifold Assault         Tloc           11%        N/A       52%         5


Dungeon Overview and Level Annotations

Branches:
Dungeon (4/15)
 Temple: D:4-7

Shops:
D:3 *

Annotations:
D:3 2 transporters, 1 runed translucent door, Crazy Yiuf; Terence; Thoth777's ghost, weakling OpVM


Innate Abilities, Weirdness & Mutations

You have an increased reservoir of magic. (+10% MP)
You shall have no god before yourself.
Your divine heritage dramatically boosts your attributes as you level up.


Message History

Terence hits you with a +0 trident.
You hit Terence but do no damage.
Terence is lightly wounded.
Terence hits you with a +0 trident.
You hit Terence but do no damage.
Terence is lightly wounded.
Terence closely misses you.
You closely miss Terence.
Terence is lightly wounded.
You hit Terence but do no damage. You punch Terence, but do no damage.
Terence is lightly wounded.
You feel stable enough to blink again.
Terence bares his teeth.
Terence hits you with a +0 trident!
You hit Terence but do no damage.
Terence is lightly wounded.
Terence hits you with a +0 trident.
You hit Terence but do no damage.
Terence is lightly wounded.
Terence hits you with a +0 trident.
You are too injured to fight recklessly!
Throw: 6 boomerangs (disperse)
Press: ? - help, Shift-Dir - straight line, f/p - Terence
Aim: Terence, wielding a +0 trident and wearing a +0 chain mail (lightly wounded, 67% to hit)
You throw a boomerang of dispersal.
The boomerang of dispersal hits Terence.
Terence blinks!
Terence is moderately wounded.
Terence shouts, "Now you die!"
Terence hits you from afar with a +0 trident.
* * * LOW HITPOINT WARNING * * *
Throw: 5 boomerangs (disperse)
Press: ? - help, Shift-Dir - straight line, f/p - Terence
Aim: Terence, wielding a +0 trident and wearing a +0 chain mail (moderately wounded, 67% to hit)
You throw a boomerang of dispersal.
The boomerang of dispersal hits Terence but does no damage.
Terence is moderately wounded.
Terence barely misses you.
Terence hits you from afar with a +0 trident!
You die...

#..##.##.###. #..##.##.#
#. #########.###.##.# #.
#......##.###.##.###.
#......##.#..........
#......##...>........
#...@..##.#..........
#......'..#..........
#...@..##............
#......##.#..........
#......##.#..........
#########.#..........
...................
############.#..........
#.......................
#.###...................
#.# #)..................


You could see Terence.

Vanquished Creatures
  An adder (D:2)
  A worm (D:2)
  A dart slug (D:2)
  An orc (D:3)
  6 ball pythons
  6 endoplasms
  6 giant cockroaches
  5 goblins
  3 hobgoblins
  A quokka (D:2)
  4 bats
  2 frilled lizards
  6 kobolds
  7 rats
50 creatures vanquished.

Notes
Turn   | Place    | Note
-------+----------+-------------------------------------------
     0 | D:1      | blackman the Demigod Warper began the quest for the Orb.
     0 | D:1      | Reached XP level 1. HP: 17/17 MP: 5/5
    94 | D:1      | Reached skill level 2 in Unarmed Combat
   858 | D:1      | Reached XP level 2. HP: 24/24 MP: 7/7
  1686 | D:2      | Reached skill level 3 in Unarmed Combat
  1718 | D:2      | HP: 1/24 [adder (2)]
  1725 | D:2      | HP: 1/24 [poisoned by an adder]
  1729 | D:2      | Reached XP level 3. HP: 7/29 MP: 8/8
  3111 | D:3      | Found a transporter.
  3177 | D:3      | Found Ugrets's General Store.
  3177 | D:3      | You fall into a shaft and drop 1 floor!
  3201 | D:3      | Identified the +1 robe "Nuikkec" {rC+ rN+}
  3226 | D:3      | Found a runed translucent door.
  3227 | D:3      | Noticed Crazy Yiuf
  3376 | D:3      | Bought a potion of heal wounds for 55 gold pieces
  3445 | D:3      | Identified the amulet "Cosobbat" {RegenMP rN+ Str+3 Dex+3}
  3470 | D:3      | Found a transporter.
  3481 | D:3      | Learned a level 2 spell: Blink
  3482 | D:3      | Noticed Thoth777's ghost (weakling OpVM)
  3593 | D:3      | Reached skill level 4 in Unarmed Combat
  3693 | D:3      | Noticed Terence
  3707 | D:3      | Slain by Terence

Illustrated notes

Levels and vault maps discovered:
D:1:      matt_arrival_grand_opening, layout_basic,
          hellmonk_ecumenical_altar_prayer_group
D:2:      layout_loops_ring, basic_altar, st_stairs_2
D:3:      layout_basic, serial_shops, nicolae_shop_window_shopping,
          gammafunk_ghost_mausoleum, minmay_misc_feat_iff,
          uniq_crazy_yiuf_cottage, uniq_terence
D:4:      layout_basic, hangedman_decor_peaks_small, minmay_bisected,
          uniq_eustachio, uniq_blork_the_orc, uniq_pargi

Skill      XL: |  1  2  3 |
---------------+----------+-----
Unarmed Combat | 2 3 4 |  4.0
Fighting       | |  1.7
Throwing       | |  0.8
Armour         | |  0.8
Dodging        | |  1.7
Spellcasting   | |  1.7
Translocations | |  2.6

Action                   || total
-------------------------++-------
Melee: Unarmed           ||   203
       Punch             ||     6
Throw: Boomerang         ||     3
 Cast: Blink             ||     2
  Use: Potion            ||     5
       Scroll            ||     1
 Stab: Sleeping          ||     2
Armor: Leather armour    ||    66
       Robe              ||     1
Dodge: Dodged            ||   124
